Map: At Eternity's Edge LE

Players

SialicAcid

  • Race: Terran Terran
  • League: Diamond

반포골드핑거 - Winner!

  • Race: Zerg Zerg
  • League: Master

VOD

Have the link to the VOD?

Description

Time

  • Played on: Sept. 23, 2026, 3:15 p.m.
  • Length: 10:35
Show
View Real Time Build Order
Export as new Build Order

SialicAcid Terran 

Build Orders: Liberator Opening, Reaper Expand 

Get SALT Encoding   

  12  0:00  SCV  
  13  0:12  SCV  
  14  0:18  Supply Depot  
  14  0:24  SCV  
  15  0:39  SCV  
  15  0:41  Barracks  
  16  0:46  Refinery  
  16  0:51  SCV  
  17  1:03  SCV  
  18  1:15  SCV  
  19  1:26  Reaper  
  19  1:29  Orbital Command  
  20  1:39  Command Center  
  20  1:48  Supply Depot  
  20  1:54  SCV  
  20  2:00  Marine  
  22  2:05  Factory  
  23  2:08  SCV  
  23  2:20  SCV  
  24  2:23  Barracks Reactor  
  24  2:32  SCV  
  24  2:38  Command Center  
  24  2:45  SCV  
  25  2:52  Orbital Command  
  25  3:02  Starport  
  25  3:06  Refinery  
  25  3:07  Hellion  
  25  3:11  Hellion  
  29  3:14  SCV  
  30  3:20  SCV  
  30  3:26  SCV  
  32  3:28  Hellion  
  32  3:31  Barracks Tech Lab  
  32  3:33  Hellion  
  36  3:42  SCV x2  
  38  3:49  Hellion  
  38  3:50  Liberator  
  38  3:54  Hellion  
  38  3:55  Orbital Command  
  45  3:59  SCV x2  
  47  4:08  Stimpack  
  47  4:11  SCV x2  
  49  4:17  Barracks  
  49  4:25  Factory Tech Lab  
  49  4:31  Barracks, SCV x3  
  50  4:34  Refinery  
  50  4:36  Starport Reactor  
  52  4:39  Supply Depot  
  52  4:43  SCV  
  52  4:45  SCV x2  
  55  4:47  Siege Tank  
  55  4:51  Engineering Bay, Marine  
  59  4:55  SCV  
  60  5:09  Marine  
  60  5:10  SCV x3  
  60  5:11  Marine x2  
  65  5:19  Siege Tank  
  65  5:20  Supply Depot  
  66  5:22  SCV  
  66  5:23  Starport Reactor  
  66  5:25  SCV x2  
  66  5:27  Refinery  
  69  5:31  Supply Depot, Marine  
  69  5:33  Terran Infantry Weapons Level 1  
  69  5:34  SCV  
  72  5:38  Orbital Command  
  72  5:39  Marine  
  72  5:40  Marine  
  72  5:42  Supply Depot  
  73  5:44  Barracks  
  73  5:46  Barracks  
  73  5:49  Supply Depot, Marine  
  74  5:51  SCV x2  
  74  5:54  Marine  
  74  5:55  Marine  
  74  5:56  Siege Tank  
  81  5:57  Marine  
  81  6:03  SCV  
  81  6:04  SCV  
  84  6:05  SCV  
  84  6:10  Medivac x2  
  89  6:11  Marine  
  89  6:17  SCV x3, Marine  
  89  6:18  Marine x3  
  96  6:20  Combat Shield  
  97  6:29  SCV x2  
  97  6:31  Siege Tank  
  102  6:33  Supply Depot  
  102  6:34  Marine  
  102  6:35  Marine  
  102  6:37  Barracks Reactor  
  104  6:41  Barracks Reactor  
  104  6:42  Refinery  
  104  6:47  Marine x3  
  104  6:48  SCV x2  
  109  6:55  SCV  
  110  7:01  Marine  
  110  7:02  Marine  
  110  7:05  Marine, Command Center  
  110  7:06  Refinery  
  105  7:41  Marine x9  
  105  7:43  Siege Tank  
  112  7:58  SCV x3  
  106  7:59  Marine x5, Medivac x2  
  106  8:00  Marine x3  
  106  8:01  Marine  
  115  8:06  Supply Depot  
  115  8:07  Terran Infantry Armor Level 1, Supply Depot  
  115  8:10  SCV x3  
  114  8:14  Armory  
  114  8:15  Engineering Bay, Siege Tank  
  114  8:17  Marine x5  
  114  8:18  Marine x4  
  126  8:22  SCV x3  
  129  8:32  Medivac x2  
  133  8:34  SCV x3, Marine  
  133  8:35  Marine x2  
  133  8:40  SCV  
  140  8:41  Marine x2  
  140  8:42  Marine  
  140  8:45  Missile Turret  
  140  8:46  SCV x3, Missile Turret, Marine  
  140  8:47  Marine  
  148  8:53  Barracks, Planetary Fortress  
  148  8:55  Barracks  
  148  8:56  Supply Depot x2  
  148  9:00  Marine x2  
  150  9:08  Ghost Academy  
  150  9:16  SCV x3, Factory  
  153  9:18  Unknown  
  153  9:19  Supply Depot  
  153  9:20  Supply Depot  
  153  9:22  Marine  
  153  9:23  Siege Tank  
  157  9:25  Marine  
  157  9:28  SCV  
  100  10:09  Marine x4  
  100  10:10  Marine x2  
  100  10:12  Barracks Tech Lab x2  
  112  10:27  Barracks Tech Lab  
Show
View Real Time Build Order
Export as new Build Order

반포골드핑거 Zerg - Winner!

Build Orders: Hatch First 

Get SALT Encoding   

  12  0:00  Drone  
  13  0:09  Drone  
  14  0:15  Extractor, Drone  
  15  0:22  Overlord  
  15  0:41  Drone x2  
  17  0:50  Hatchery  
  17  0:53  Drone  
  17  0:59  Drone  
  18  1:08  Extractor  
  17  1:13  Spawning Pool  
  17  1:14  Drone  
  17  1:17  Drone  
  18  1:26  Drone  
  19  1:37  Drone  
  20  1:49  Drone  
  21  2:00  Overlord  
  21  2:02  Queen x2  
  21  2:03  Zergling x2  
  26  2:13  Zergling x2  
  27  2:19  Hatchery  
  26  2:24  Metabolic Boost  
  25  2:30  Drone  
  25  2:31  Drone  
  25  2:36  Drone x2  
  29  2:42  Overlord  
  29  2:43  Drone  
  30  2:48  Drone  
  31  2:52  Drone  
  31  2:57  Queen  
  34  3:00  Drone  
  34  3:03  Drone  
  36  3:09  Drone  
  36  3:10  Drone x3  
  40  3:16  Overlord  
  40  3:20  Queen  
  42  3:27  Drone x2  
  42  3:31  Drone  
  45  3:34  Queen  
  45  3:40  Zergling x6  
  49  3:48  Zergling x4  
  51  3:57  Queen  
  51  3:59  Queen  
  55  4:04  Drone x2  
  55  4:05  Overlord x2  
  57  4:19  Overlord x2  
  57  4:23  Drone x5  
  62  4:28  Drone  
  63  4:34  Drone x3  
  63  4:36  Lair  
  66  4:45  Drone x5  
  70  4:46  Drone x2  
  70  4:50  Spore Crawler  
  70  4:51  Spore Crawler  
  70  4:52  Spore Crawler  
  70  4:53  Drone x3  
  73  5:07  Drone x6  
  73  5:12  Drone  
  80  5:19  Evolution Chamber x2  
  78  5:22  Baneling Nest, Extractor  
  78  5:23  Drone x4, Extractor  
  78  5:25  Hatchery  
  78  5:34  Overlord x2  
  78  5:35  Overlord x2, Extractor, Drone  
  77  5:36  Extractor  
  77  5:46  Drone x5  
  77  5:49  Drone  
  83  5:50  Drone x3  
  83  5:56  Drone x2  
  88  5:59  Zerg Melee Weapons Level 1, Zerg Ground Armor Level 1  
  88  6:00  Drone  
  89  6:07  Drone x2  
  89  6:09  Overlord x3  
  91  6:13  Overseer  
  91  6:16  Zergling x10  
  96  6:22  Hatchery  
  95  6:28  Zergling x10  
  100  6:38  Centrifugal Hooks  
  100  6:40  Zergling x2  
  100  6:41  Zergling x12, Infestation Pit  
  106  6:49  Zergling x12  
  112  6:59  Zergling x6  
  114  7:02  Baneling x13  
  114  7:05  Zergling x6  
  117  7:10  Zergling x14  
  124  7:16  Zergling x2  
  124  7:19  Zergling x8  
  129  7:28  Zergling x4  
  129  7:29  Zergling x6  
  108  7:41  Zergling x10  
  108  7:42  Zergling x10  
  108  7:48  Zergling x4  
  103  7:54  Zergling x10  
  104  7:59  Zerg Melee Weapons Level 2, Zerg Ground Armor Level 2  
  104  8:01  Hive  
  104  8:02  Drone x5  
  108  8:08  Zergling x12  
  108  8:10  Hatchery  
  108  8:17  Zergling x6  
  111  8:25  Baneling x17  
  111  8:28  Zergling x14  
  111  8:30  Hatchery  
  117  8:39  Zergling x2  
  117  8:40  Zergling x10  
  123  8:44  Infestor x2  
  123  8:45  Extractor  
  126  8:54  Overseer  
  126  8:56  Drone x3  
  126  8:57  Zergling x16  
  126  9:00  Drone x2  
  126  9:01  Drone x2  
  126  9:02  Spore Crawler, Overseer  
  140  9:12  Baneling x14  
  140  9:14  Zergling x18  
  149  9:23  Drone x6  
  155  9:24  Overlord x2  
  155  9:25  Overlord x3  
  155  9:27  Ultralisk Cavern  
  143  9:39  Zergling x10  
  148  9:47  Zergling x20  
  148  9:48  Zergling x6  
  142  9:57  Zergling x2  
  142  9:58  Zergling x16  
  141  10:03  Drone x2  
  141  10:04  Drone x2  
  145  10:09  Baneling  
  145  10:10  Baneling x21  
  145  10:11  Zergling x12  
  150  10:18  Drone x4  
  154  10:22  Spire  
Tags
 
Add a new tag
Caveats
  • Supply blocks, unpowered buildings, or Contaminate may cause inaccurate times.
  • Supply counts are checked every 10 seconds.